 Dungeon Crawl Stone Soup version 0.28.0-53-g5a82cb258f (webtiles) character file.

Game seed: 12625930660562339928

87 Revguard the Skirmisher (level 4, 0/40 HPs)
             Began as a Hill Orc Fighter on July 8, 2022.
             Slain by a bullfrog skeleton (5 damage)
             ... on level 3 of the Dungeon.
             The game lasted 00:06:03 (1851 turns).

Revguard the Skirmisher (Hill Orc Fighter)          Turns: 1851, Time: 00:06:04

Health: 0/40       AC:  6    Str: 18    XL:     4   Next: 51%
Magic:  6/6        EV:  9    Int:  8    God:
Gold:   120        SH:  4    Dex: 12    Spells: 3/3 levels left

rFire   . . .      SeeInvis .   a - +0 war axe
rCold   . . .      Faith    .   c - +0 buckler
rNeg    . . .      Spirit   .   b - +0 scale mail
rPois   .          Reflect  .   (no helmet)
rElec   .          Harm     .   (no cloak)
rCorr   .          Rampage  .   (no gloves)
Will    .....                   (no boots)
Stlth   ..........              (no amulet)
HPRegen 0.13/turn               (no ring)
MPRegen 0.10/turn               (no ring)

@: no status effects
A: no striking features
a: no special abilities


You were on level 3 of the Dungeon.
You visited 1 branch of the dungeon, and saw 3 of its levels.

You collected 120 gold pieces.

Inventory:

Hand Weapons
 a - a +0 war axe (weapon)
Armour
 b - a +0 scale mail (worn)
 c - a +0 buckler (worn)
Scrolls
 f - 2 scrolls of teleportation {unknown}
 g - 2 scrolls of identify {unknown}
 j - 4 scrolls of amnesia {unknown}
 l - a scroll of brand weapon {unknown}
 m - a scroll of fog {unknown}
Potions
 d - a potion of might
 e - a potion of berserk rage {unknown}
 h - 2 potions of resistance {unknown}
 i - a potion of heal wounds {unknown}
 k - 2 potions of mutation {unknown}


   Skills:
 + Level 3.9 Fighting
 + Level 3.2 Axes
 + Level 3.6 Armour
 + Level 1.0 Dodging
 + Level 3.5 Shields
 * Level 2.8 Invocations
 + Level 1.1 Evocations


You had 3 spell levels left.
You didn't know any spells.
Your spell library was empty.

Dungeon Overview and Level Annotations

Branches:
Dungeon (3/15)

Altars:


Message History

You closely miss the orc. You hit the orc. You block the orc's attack. x2
The bullfrog skeleton completely misses you.
The orc hits you but does no damage. The orc hits you with a +0 flail.
The orc barely misses you.
The bullfrog skeleton hits you but does no damage.
The orc hits you from afar with a +0 trident.
The orc hits you with a +0 short sword.
You hit the orc.
The orc is severely wounded.
You hit the orc but do no damage. You slash the orc!
You kill the orc!
You hit the bullfrog skeleton.
The bullfrog skeleton hits you but does no damage.
You block the orc's attack.
The orc hits you from afar with a +0 trident!
The orc hits you but does no damage.
The bullfrog skeleton hits you but does no damage.
You slash the orc!
You kill the orc!
You barely miss the bullfrog skeleton. You closely miss the orc.
The orc barely misses you.
The bullfrog skeleton hits you but does no damage.
The orc closely misses you.
Unknown command.
You slash the hobgoblin!
You kill the hobgoblin!
You hit the bullfrog skeleton. You hit the orc. The bullfrog skeleton hits you.
The orc closely misses you. The orc hits you with a +0 short sword.
The bullfrog skeleton closely misses you.
You block the orc's attack. The orc hits you with a +0 short sword.
* * * LOW HITPOINT WARNING * * *
The orc hits you with a +0 trident.
* * * LOW HITPOINT WARNING * * *
You block the orc's attack.
Items here: ) [ ††.
You slash the orc!
You kill the orc!
You hit the orc but do no damage. You hit the bullfrog skeleton.
The bullfrog skeleton hits you.
You die...

#. #..# #. # .. #...## #.
# ##. # #....# #.########
#. #. ##.#.# ##........#
#.###.##....##.##.......#
#.........###.###.......#
#.<.!................
#..#Z)#.#####.......# #.
#@o### #.......# .. #>)#
#.......# ## #..#
##.###### #..# #.# #..#
#.# .... ..# #... ###
#...#


You could see an orc and a bullfrog skeleton.

Vanquished Creatures
  Jessica (D:3)
  An adder (D:2)
  2 worms
  2 dart slugs (D:2)
  3 orcs (D:3)
  4 bats
  An endoplasm (D:1)
  A giant cockroach (D:1)
  2 goblins (D:1)
  6 hobgoblins
  5 kobolds
  3 quokkas
  4 ball pythons
  2 frilled lizards
  4 rats
41 creatures vanquished.

Notes
Turn   | Place    | Note
-------+----------+-------------------------------------------
     0 | D:1      | Revguard the Hill Orc Fighter began the quest for the Orb.
     0 | D:1      | Reached XP level 1. HP: 19/19 MP: 1/1
   258 | D:1      | Reached skill level 1 in Invocations
   258 | D:1      | Reached XP level 2. HP: 21/27 MP: 2/2
   420 | D:1      | Found a faded altar of an unknown god.
   954 | D:2      | Reached XP level 3. HP: 33/33 MP: 4/4
  1687 | D:3      | Noticed Jessica
  1691 | D:3      | Killed Jessica
  1692 | D:3      | Reached skill level 1 in Dodging
  1692 | D:3      | Reached skill level 1 in Evocations
  1692 | D:3      | Reached XP level 4. HP: 40/40 MP: 4/6
  1851 | D:3      | Slain by a bullfrog skeleton

Illustrated notes

Levels and vault maps discovered:
D:1:      giann_horns, layout_basic, shapermc_ecumenical_altar_pompeii,
          chequers_serial_rivers_small_b, glass_columns_b
D:2:      layout_loops_ring
D:3:      minmay_chambers_of_twos, layout_loops_ring, serial_shops,
          nicolae_shop_waterfront, uniq_jessica

Skill      XL: |  1  2  3 |
---------------+----------+-----
Invocations    | 1 2 |  2.8
Axes           | 3 |  3.2
Dodging        | 1 |  1.0
Evocations     | 1 |  1.1
Fighting       | |  3.9
Armour         | |  3.6
Shields        | |  3.5

Action                   |  1- 3 |  4- 6 || total
-------------------------+-------+-------++-------
Melee: War axe           |   106 |    16 ||   122
Armor: Scale mail        |    54 |    10 ||    64
Dodge: Dodged            |    66 |    11 ||    77
Block: Buckler           |    19 |    12 ||    31
